 Dungeon Crawl Stone Soup version 0.18-a0-1121-gb454403 (webtiles) character file.

819 tof the Cudgeler (level 7, -3/61 (62) HPs)
             Began as a Minotaur Fighter on Jan 18, 2016.
             Was a Follower of Okawaru.
             Slain by yogakurto's ghost (10 damage)
             ... on level 5 of the Dungeon.
             The game lasted 00:10:34 (4706 turns).

tof the Cudgeler (Minotaur Fighter)                 Turns: 4706, Time: 00:10:34

HP:   -3/61 (62)    AC: 14    Str: 20    XL:     7   Next: 63%
MP:   6/6           EV: -1    Int:  5    God:    Okawaru [*.....]
Gold: 178           SH: 10    Dex: 12    Spells: 0 memorised, 6 levels left

rFire  . . .     SeeInvis .     l - +2 mace (crush)
rCold  . . .     Gourm    .     w - +0 plate armour
rNeg   . . .     Faith    .     c - +0 shield
rPois  .         Spirit   .     (helmet restricted)
rElec  .         Dismiss  .     (no cloak)
rCorr  .         Reflect  .     u - +0 pair of gloves (curse)
SustAt .         Harm     +     (no boots)
MR     .....                    k - amulet of harm
Stlth  ..........               (no ring)
                                (no ring)

@: not resistant to hostile enchantments, extremely unstealthy
A: retaliatory headbutt, horns 2
a: Heroism, Renounce Religion


You were on level 5 of the Dungeon.
You worshipped Okawaru.
Okawaru was aware of your devotion.
You were not hungry.

You visited 1 branch of the dungeon, and saw 6 of its levels.

You collected 178 gold pieces.

Inventory:

Hand Weapons
 a - a +0 flail
 l - a +2 mace of crushing (weapon)
Armour
 c - a +0 shield (worn)
 p - a +0 ring mail
 u - a cursed +0 pair of gloves (worn)
 v - a +0 chain mail
 w - a +0 plate armour (worn)
Jewellery
 k - an amulet of harm (around neck)
Scrolls
 h - 3 scrolls of identify
 n - 2 scrolls of remove curse {unknown}
 o - a scroll of enchant weapon {unknown}
 q - a scroll of immolation {unknown}
 t - a scroll of magic mapping {unknown}
Potions
 d - a potion of might
 e - a potion of haste {unknown}
 g - 2 potions of agility {unknown}
 i - 2 potions of curing {unknown}
 s - a potion of heal wounds {unknown}
Miscellaneous
 r - a plain deck of wonders
Comestibles
 f - 2 bread rations
 j - 3 meat rations


   Skills:
 + Level 5.8 Fighting
 * Level 6.7 Maces & Flails
 + Level 6.1 Armour
 + Level 5.8 Shields


You had 6 spell levels left.
You didn't know any spells.

Dungeon Overview and Level Annotations

Branches:
Dungeon (6/15)
 Temple: D:4-7

Altars:
Elyvilon
Nemelex Xobeh
Okawaru
Pakellas
Ru
Vehumet
Xom
Yredelemnul
Zin
The Shining One

Annotations:
D:5 yogakurto's ghost, novice DsAK


Innate Abilities, Weirdness & Mutations

You reflexively headbutt those who attack you in melee.
You have a pair of horns on your head.


Message History

There is a stone staircase leading down here.
You start resting.
HP restored.
You climb downwards.
Level annotation: yogakurto's ghost, novice DsAK Yogakurto's ghost hits you.
Yogakurto's ghost hits you but does no damage.
You are electrocuted!
There is a stone staircase leading up here.
You closely miss yogakurto's ghost. You block yogakurto's ghost's attack.
You closely miss yogakurto's ghost.
You headbutt yogakurto's ghost, but do no damage.
The orc priest calls down the wrath of Beogh upon you.
Something smites you!
Yogakurto's ghost hits you but does no damage.
You are electrocuted!
* * * LOW HITPOINT WARNING * * *
Yogakurto's ghost hits you but does no damage.
You are electrocuted!
You die...

#########
#.......#
#...@...####
..####..W.......#
.........o...##.#
..####.......##.#
#........##.#
##.......##.#
##[#######.#####
#.# #.........#
#.# #.###.###.##


You could see an orc priest and yogakurto's ghost.

Vanquished Creatures
  The ghost of vliron the Chopper, an amateur HOCK of Xom (D:3)
  A phantom (D:4)
  A necrophage (D:5)
  2 ogres
  A giant frog (D:5)
  A hound (D:4)
  3 orc wizards
  A centaur skeleton (D:4)
  2 iguanas (D:4)
  2 hound skeletons
  3 adders
  An adder skeleton (D:5)
  A worm (D:1)
  3 giant geckos (D:2)
  9 orcs
  A ball python (D:1)
  6 giant cockroaches
  5 goblins
  7 hobgoblins
  13 jackals
  A quokka (D:4)
  6 bats
  2 giant newts (D:3)
  7 kobolds
  A quokka skeleton (D:4)
  3 rats
84 creatures vanquished.

Vanquished Creatures (others)
  A deep elf knight (D:2)
1 creature vanquished.

Grand Total: 85 creatures vanquished

Notes
Turn   | Place    | Note
--------------------------------------------------------------
     0 | D:1      | tof the Minotaur Fighter began the quest for the Orb.
     0 | D:1      | Reached XP level 1. HP: 19/19 MP: 0/0
   635 | D:1      | Reached XP level 2. HP: 27/27 MP: 1/1
   681 | D:1      | Reached skill level 4 in Fighting
   848 | D:1      | Reached XP level 3. HP: 31/33 MP: 2/2
  1269 | D:2      | Found an oddly glowing altar of Pakellas.
  1270 | D:2      | Noticed a deep elf knight
  1275 | D:2      | Killed a deep elf knight
  1435 | D:2      | Found an iron altar of Okawaru.
  1445 | D:2      | Became a worshipper of Warmaster Okawaru
  1616 | D:2      | Found a basalt altar of Yredelemnul.
  1793 | D:3      | Found a sacrificial altar of Ru.
  1795 | D:3      | Noticed vliron's ghost (amateur HOCK)
  2071 | D:3      | Found a radiant altar of Vehumet.
  2146 | D:3      | Found a sparkling altar of Nemelex Xobeh.
  2168 | D:3      | Reached XP level 4. HP: 41/41 MP: 3/3
  2331 | D:3      | You fall through a shaft for 3 floors!
  2386 | D:6      | Noticed a giant frog
  2392 | D:5      | Entered Level 5 of the Dungeon
  2400 | D:5      | Killed a giant frog
  2600 | D:5      | Reached XP level 5. HP: 44/47 MP: 4/4
  2850 | D:3      | Killed vliron's ghost
  2850 | D:3      | Reached skill level 5 in Armour
  2867 | D:3      | Reached skill level 5 in Fighting
  2867 | D:3      | Reached XP level 6. HP: 9/56 MP: 5/5
  3147 | D:4      | Reached skill level 5 in Maces & Flails
  3159 | D:4      | Reached * piety under Okawaru
  3159 | D:4      | Reached skill level 5 in Shields
  3419 | D:4      | Reached XP level 7. HP: 17/61 MP: 6/6
  3700 | D:4      | Found a shimmering altar of Xom.
  3787 | D:4      | Reached skill level 6 in Maces & Flails
  4214 | D:5      | Found a white marble altar of Elyvilon.
  4215 | D:5      | Found a glowing golden altar of the Shining One.
  4216 | D:5      | Found a glowing silver altar of Zin.
  4338 | D:5      | Noticed yogakurto's ghost (novice DsAK)
  4706 | D:5      | Slain by yogakurto's ghost

Vault maps used:
D:1:      lemuel_arrival_muddy
D:2:      lemuel_coloured_pillars_altar, gammafunk_pakellas_spire_experiment,
          kennysheep_okawaru_gauntlet
D:3:      lemuel_round_altar, nemelex_deck, lemuel_crystal_altar, first_bread
D:4:      lemuel_round_altar
D:5:      good_gods_temple_1, minmay_temple_entry_fiery,
          small_statue_intersection, grunt_qazlal_clouds
D:6:      uniq_prince_ribbit1

Action                   |  1- 3 |  4- 6 |  7- 9 || total
-------------------------+-------+-------+-------++-------
Melee: Flail             |    18 |       |       ||    18
       Mace              |    74 |    86 |    39 ||   199
  Use: Scroll            |       |     1 |     1 ||     2
  Eat: Chunk             |     4 |     4 |     1 ||     9
       Bread ration      |       |       |     1 ||     1
